Map: King's Cove LE

Players

TYTY (TY) - Winner!

  • Race: Terran Terran
  • League: Master
  • Spawn Location: 11:00

OGZest (Zest)

  • Race: Protoss Protoss
  • Spawn Location: 5:00

Event: HomeStory Cup XIX

VOD

Have the link to the VOD?

Description

Time

  • Played on: June 30, 2019, 3:57 p.m.
  • Length: 10:59

All games in this series

Show
View Real Time Build Order
Export as new Build Order

TYTY Terran - Winner!

Build Orders:  

Get SALT Encoding   

  12  0:00  SCV  
  13  0:12  SCV  
  14  0:19  Supply Depot  
  14  0:24  SCV  
  15  0:41  Barracks, SCV  
  16  0:46  Refinery  
  16  0:53  SCV  
  17  0:58  Refinery  
  17  1:05  SCV  
  18  1:17  SCV  
  19  1:28  Barracks Tech Lab  
  19  1:29  Orbital Command  
  19  1:33  Supply Depot  
  21  1:47  Marauder  
  21  1:55  SCV  
  21  2:00  Factory  
  24  2:08  Marauder  
  24  2:10  Concussive Shells  
  24  2:12  SCV  
  25  2:24  SCV  
  28  2:30  Marauder  
  28  2:35  Supply Depot  
  28  2:37  SCV  
  29  2:49  Factory Reactor, SCV  
  30  2:55  Bunker  
  32  3:05  SCV  
  28  3:25  Starport  
  29  3:27  Command Center, Hellion  
  29  3:30  Hellion  
  29  3:32  SCV  
  32  3:43  Supply Depot  
  32  3:44  SCV  
  35  3:48  Hellion  
  35  3:52  Hellion  
  37  3:56  SCV  
  37  4:01  Starport Tech Lab  
  38  4:08  SCV  
  39  4:19  Banshee  
  39  4:21  SCV  
  39  4:23  Factory Tech Lab  
  43  4:30  Supply Depot  
  43  4:34  SCV  
  44  4:41  Orbital Command  
  44  4:43  Siege Tank  
  47  4:46  SCV  
  47  4:50  Liberator  
  42  4:58  SCV  
  43  5:00  Bunker, Marine x2  
  43  5:08  SCV  
  43  5:10  SCV  
  48  5:15  Siege Tank  
  48  5:17  Marine  
  48  5:18  Marine  
  48  5:20  SCV  
  54  5:24  SCV  
  54  5:26  Command Center  
  55  5:32  SCV  
  55  5:35  Marine  
  56  5:41  Barracks  
  58  5:47  Siege Tank, Supply Depot  
  60  5:52  Raven  
  62  6:03  Barracks  
  62  6:06  Supply Depot x2  
  62  6:09  Marine x2, SCV x2  
  64  6:19  Siege Tank  
  64  6:21  SCV x2  
  69  6:26  Marine  
  69  6:27  Marine  
  71  6:33  SCV x2  
  71  6:35  Barracks  
  71  6:36  Barracks  
  73  6:44  Marine  
  73  6:46  SCV  
  73  6:47  Orbital Command  
  75  6:54  Marine x2  
  75  6:55  Stimpack, SCV  
  75  6:59  Refinery, Starport Reactor  
  75  7:00  Refinery  
  78  7:01  Factory Reactor  
  78  7:02  Marine x2, Engineering Bay  
  78  7:07  SCV  
  80  7:09  SCV  
  80  7:13  Marine x2  
  83  7:18  Orbital Command  
  83  7:19  SCV  
  83  7:20  Marine x2  
  86  7:23  Barracks Tech Lab, Barracks Reactor  
  86  7:26  Engineering Bay  
  86  7:27  SCV  
  87  7:31  Marine  
  87  7:32  SCV  
  87  7:35  Terran Infantry Weapons Level 1  
  89  7:39  SCV  
  89  7:40  Marauder x2  
  89  7:41  Marine  
  89  7:44  Medivac  
  97  7:46  Marine, SCV x2  
  97  7:48  Medivac  
  97  7:49  Marine  
  101  7:55  Supply Depot, Terran Infantry Armor Level 1  
  101  7:56  Supply Depot  
  100  8:00  Marine x2  
  100  8:01  Marine  
  101  8:12  Supply Depot  
  101  8:18  Marine x2, Medivac  
  101  8:19  Marine  
  106  8:20  Marine  
  106  8:21  Marauder x2  
  106  8:23  Marauder  
  113  8:28  Medivac  
  113  8:29  Combat Shield  
  113  8:31  Widow Mine  
  113  8:32  Missile Turret  
  119  8:34  Widow Mine  
  119  8:37  Marine x2, Supply Depot  
  119  8:39  Marine x2  
  123  8:42  Marine  
  124  8:53  Supply Depot  
  124  8:55  Marine, Supply Depot  
  125  8:58  Marine, Medivac  
  125  8:59  Marauder, Widow Mine  
  125  9:01  Marine  
  133  9:10  Marine x2  
  133  9:12  Marine  
  133  9:14  Supply Depot  
  133  9:15  Marauder, Supply Depot  
  133  9:16  Marine  
  133  9:17  Widow Mine  
  133  9:20  Medivac  
  134  9:26  Marauder, Armory  
  134  9:27  Marine, SCV x3  
  134  9:30  Marine x2, Supply Depot x2  
  135  9:44  Marauder, Marine x3  
  142  9:48  Marauder x2  
  141  9:56  Widow Mine x2  
  140  10:08  Marauder, Marine x2  
  140  10:09  Marauder  
  144  10:15  Medivac  
  144  10:16  Medivac  
  144  10:21  Marine x2  
  130  10:25  SCV x2  
  114  10:34  Marauder  
Show
View Real Time Build Order
Export as new Build Order

OGZest Protoss 

Build Orders: Blink Stalkers 

Get SALT Encoding   

  12  0:00  Probe  
  13  0:12  Probe  
  14  0:17  Pylon  
  14  0:24  Probe  
  15  0:32  Probe  
  15  0:37  Gateway  
  15  0:40  Probe  
  16  0:47  Assimilator  
  17  0:51  Probe  
  18  1:03  Probe  
  19  1:15  Probe  
  20  1:25  Cybernetics Core  
  20  1:29  Zealot  
  22  1:35  Pylon  
  22  1:45  Probe  
  23  1:51  Stalker  
  23  1:53  Nexus  
  23  2:05  Warp Gate  
  25  2:09  Assimilator  
  25  2:12  Stalker, Probe  
  28  2:25  Probe  
  30  2:37  Probe  
  30  2:38  Pylon  
  30  2:41  Pylon  
  30  2:50  Stalker  
  30  2:51  Probe  
  33  3:01  Shield Battery  
  30  3:11  Stalker  
  30  3:21  Twilight Council  
  30  3:22  Probe x2  
  34  3:34  Probe x2, Blink  
  36  3:43  Gateway  
  36  3:46  Probe x2  
  38  3:52  Sentry  
  40  3:58  Probe x2  
  40  3:59  Pylon  
  42  4:10  Probe x2  
  42  4:15  Robotics Facility  
  44  4:22  Probe x2  
  44  4:23  Stalker  
  48  4:29  Pylon  
  48  4:34  Probe x2  
  48  4:38  Stalker  
  46  4:47  Probe x2  
  45  4:53  Stalker  
  45  4:59  Probe x2  
  49  5:05  Pylon  
  49  5:09  Stalker  
  49  5:11  Probe x2, Shield Battery  
  53  5:14  Observer  
  54  5:23  Shield Battery  
  54  5:24  Probe x2  
  56  5:33  Stalker x2  
  60  5:36  Probe x2  
  62  5:48  Probe x2, Assimilator  
  64  6:01  Nexus  
  64  6:02  Probe x2  
  66  6:13  Probe x2  
  68  6:21  Probe x2, Pylon  
  68  6:24  Assimilator  
  70  6:29  Probe  
  70  6:30  Probe  
  70  6:31  Observer  
  71  6:34  Nexus  
  73  6:40  Probe  
  73  6:42  Probe  
  73  6:47  Gateway  
  75  6:48  Gateway  
  75  6:50  Gateway  
  75  6:53  Observer  
  75  6:59  Immortal  
  75  7:01  Probe  
  80  7:04  Probe  
  81  7:09  Pylon  
  81  7:13  Probe  
  82  7:16  Probe  
  82  7:17  Probe  
  82  7:20  Charge  
  84  7:24  Forge x2  
  84  7:25  Probe  
  84  7:27  Probe  
  84  7:29  Probe  
  86  7:30  Stalker  
  86  7:35  Probe  
  89  7:37  Stalker, Probe x2  
  94  7:49  Probe  
  93  7:52  Probe  
  93  7:53  Zealot x4, Probe  
  93  7:54  Probe  
  102  8:05  Stalker  
  102  8:07  Protoss Ground Armor Level 1  
  102  8:11  Probe  
  102  8:12  Probe x2  
  105  8:15  Probe, Immortal  
  105  8:17  Protoss Ground Weapons Level 1  
  110  8:23  Probe  
  110  8:26  Gateway  
  111  8:27  Gateway  
  111  8:28  Stalker x2  
  115  8:42  Gateway  
  115  8:44  Probe x2  
  115  8:45  Probe  
  115  8:46  Gateway  
  115  8:47  Gateway, Pylon  
  118  8:53  Gateway  
  119  8:55  Templar Archives  
  119  8:56  Probe  
  119  8:59  Stalker x2  
  122  9:08  Stalker x3  
  128  9:19  Pylon  
  128  9:21  Pylon  
  128  9:22  Pylon  
  126  9:28  Zealot x3  
  132  9:37  Pylon  
  130  9:42  High Templar x4  
  130  9:45  High Templar  
  140  9:47  High Templar  
  140  9:48  Archon x2  
  142  9:54  High Templar  
  142  9:55  Zealot x2  
  118  10:15  Zealot x5  
  118  10:16  Zealot  
  118  10:19  Zealot x2  
  118  10:20  Zealot x4  
  86  10:30  Zealot  
  66  10:37  Zealot x2  
  66  10:40  Zealot x4  
  66  10:43  Zealot  
  66  10:49  Zealot  
Tags
 
Add a new tag
Caveats
  • Supply blocks, unpowered buildings, or Contaminate may cause inaccurate times.
  • Supply counts are checked every 10 seconds.